 Dungeon Crawl Stone Soup version 0.24-a0-217-g1152973 (webtiles) character file.

Game seed: 1727975781800239060

32 Hasart the Firebug (level 3, -1/19 HPs)
             Began as a Deep Elf Fire Elementalist on Mar 29, 2019.
             Slain by a jackal (3 damage)
             ... on level 2 of the Dungeon.
             The game lasted 00:02:02 (1166 turns).

Hasart the Firebug (Deep Elf Fire Elementalist)     Turns: 1166, Time: 00:02:02

Health: -1/19      AC:  2    Str:  5    XL:     3   Next: 10%
Magic:  0/9        EV: 13    Int: 20    God:
Gold:   55         SH:  0    Dex: 15    Spells: 7/8 levels left

rFire    . . .     SeeInvis .   h - +0 spear
rCold    . . .     Gourm    .   (no shield)
rNeg     . . .     Faith    .   a - +0 robe
rPois    .         Spirit   .   (no helmet)
rElec    .         Reflect  .   (no cloak)
rCorr    .         Harm     .   (no gloves)
MR       .....                  (no boots)
Stlth    ++........             (no amulet)
HPRegen  0.06/turn              (no ring)
MPRegen  0.11/turn              (no ring)

@: no status effects
A: no striking features
a: no special abilities


You were on level 2 of the Dungeon.
You were hungry.

You visited 1 branch of the dungeon, and saw 2 of its levels.

You collected 55 gold pieces.

Inventory:

Hand Weapons
 h - a +0 spear (weapon)
Armour
 a - a +0 robe (worn)
Scrolls
 e - 4 scrolls of remove curse {unknown}
 g - a scroll of fog {unknown}
Potions
 d - a potion of magic {unknown}
 f - a potion of cancellation {unknown}
Comestibles
 c - 2 rations


   Skills:
 + Level 2.8 Dodging
 - Level 2.4 Stealth
 + Level 3.4 Spellcasting
 * Level 2.0 Conjurations
 * Level 3.8 Fire Magic


You had 7 spell levels left.
You knew the following spells:

 Your Spells              Type           Power        Failure   Level  Hunger
a - Flame Tongue          Conj/Fire      ###..        4%          1    None

Your spell library contained the following spells:

 Spells                   Type           Power        Failure   Level  Hunger
 Throw Flame              Conj/Fire      ###...       6%          2    ##.....
 Conjure Flame            Conj/Fire      ###.....     12%         3    ###....
 Inner Flame              Hex/Fire       ##......     19%         3    ###....
 Sticky Flame             Conj/Fire      ###.....     36%         4    ####...
 Fireball                 Conj/Fire      ###.......   73%         5    ######.


Dungeon Overview and Level Annotations

Branches:
Dungeon (2/15)

Altars:

Annotations:
D:2 Jessica


Message History

The jackal is moderately wounded.
The jackal barely misses you.
The jackal bites you but does no damage.
You closely miss the jackal.
The jackal is moderately wounded.
The jackal bites you.
* * * LOW HITPOINT WARNING * * *
The jackal bites you but does no damage.
You hit the jackal.
The jackal is moderately wounded.
The jackal bites you but does no damage.
Casting: Flame Tongue (safe; 4% risk of failure)
Confirm with . or Enter, or press ? or * to list all spells.
Aiming: Flame Tongue (safe; 4% risk of failure)
Press: ? - help, Shift-Dir - straight line, f - jackal
Aim: a jackal (moderately wounded)
The flame tongue hits the jackal.
The jackal is heavily wounded.
The jackal barely misses you. The jackal bites you.
You die...

#########
......... ...
?.......# .)..
........# ....
........# .....
........###...
........#...
.......@#.# #
########h.##.b##
#........
##.####...
#.........
##h.......>
##........#.#.#
#.............
####.#.####......
#


You could see a jackal.

Vanquished Creatures
  An ooze (D:1)
  A worm (D:1)
  A leopard gecko (D:2)
  A ball python (D:1)
  3 giant cockroaches (D:1)
  2 goblins (D:1)
  A hobgoblin (D:1)
  8 jackals
  2 rats (D:1)
20 creatures vanquished.

Notes
Turn   | Place    | Note
-------+----------+-------------------------------------------
     0 | D:1      | Hasart the Deep Elf Fire Elementalist began the quest for
                  | the Orb.
     0 | D:1      | Reached XP level 1. HP: 10/10 MP: 6/6
   247 | D:1      | Reached XP level 2. HP: 15/15 MP: 5/8
   976 | D:2      | Noticed Jessica
  1157 | D:2      | Reached XP level 3. HP: 5/19 MP: 3/9
  1166 | D:2      | Slain by a jackal

Levels and vault maps discovered:
D:1:      tarquinn_simple_flora_water_e, layout_loops_cross,
          minmay_splitting_lines, chequers_serial_rivers_micro_c
D:2:      layout_rooms, nicolae_gozag_cash_rules_everything_around_me,
          chequers_ecumenical_altar_island, minmay_misc_feat_nine_boxes,
          uniq_jessica

Skill      XL: |  1  2 |
---------------+-------+-----
Conjurations   | 2 |  2.0
Dodging        | |  2.8
Stealth        | |  2.4
Spellcasting   | |  3.4
Fire Magic     | |  3.8

Action                   || total
-------------------------++-------
Melee: Spear             ||    14
 Cast: Flame Tongue      ||    38
 Stab: Sleeping          ||     1
Armor: Robe              ||    14
Dodge: Dodged            ||    46

Table legend:
 A = Non-vault XP
 B = Vault XP
 C = Vault XP percentage of total XP
 D = Non-vault monster count
 E = Vault monster count
 F = Vault count percentage of total count
                 A         B        C        D         E       F
            +---------+---------+-------+---------+---------+-------
      Total |      47 |       0 |   0.0 |      20 |       0 |   0.0
            +---------+---------+-------+---------+---------+-------
        D:1 |      36 |       0 |   0.0 |      15 |       0 |   0.0
        D:2 |      11 |       0 |   0.0 |       5 |       0 |   0.0
            +---------+---------+-------+---------+---------+-------
